 Dungeon Crawl Stone Soup version 0.30.1-11-g7821555f0a (webtiles) character file.

Game seed: 15160340108166266850

8751 Jerry the Grappler (level 11, -3/113 HPs)
             Began as a Troll Monk on Dec 10, 2023.
             Slain by a white ugly thing (31 damage)
             ... on level 10 of the Dungeon.
             The game lasted 00:28:28 (8703 turns).

Jerry the Grappler (Troll Monk)                     Turns: 8703, Time: 00:28:29

Health: -3/113     AC: 17    Str: 23    XL:     11   Next: 14%
Magic:  10/10      EV: 13    Int:  6    God:
Gold:   229        SH:  0    Dex: 14    Spells: 10/10 levels left

rFire   . .          .
                       - Unarmed
rCold   . . .        c - orb {light}
rNeg    . . .        p - +1 steam dragon scales
rPois   +            (helmet restricted)
rElec   .            y - +2 cloak
rCorr   .            (gloves unavailable)
SInv    .            (boots unavailable)
Will    .....        r - amulet of regeneration
Stlth   +            i - ring of poison resistance
HPRegen 1.98/turn    D - +4 ring of protection
MPRegen 0.12/turn

%: no passive effects
@: about to teleport, glowing
A: large, unfitting armour, claws 3, regeneration 1, shaggy fur 1, tough skin 1,
iridescent scales 1, mutation resistance 1
a: no special abilities


You were on level 10 of the Dungeon.
You visited 2 branches of the dungeon, and saw 11 of its levels.
You also visited: Ossuary.

You collected 619 gold pieces.
You spent 390 gold pieces at shops.

Inventory:

Armour
 c - an orb of light (worn)
 f - a scarf of repulsion
 p - +1 steam dragon scales (worn)
 y - a +2 cloak (worn)
Jewellery
 i - a ring of poison resistance (left claw)
 n - a ring of fire
 r - an amulet of regeneration (around neck)
 B - an amulet of guardian spirit
 D - a +4 ring of protection (right claw)
Wands
 a - a wand of flame (2)
 s - a wand of digging (6)
 F - a wand of light (5)
Scrolls
 d - a scroll of identify
 e - 3 scrolls of poison
 l - 3 scrolls of blinking
 o - a scroll of enchant armour
 t - 2 scrolls of teleportation
 u - a scroll of enchant weapon
 w - a scroll of acquirement {unknown}
 C - a scroll of magic mapping
 E - a scroll of fog {unknown}
Potions
 b - 2 potions of ambrosia
 g - a potion of heal wounds
 h - 6 potions of curing
 j - 2 potions of berserk rage
 k - a potion of resistance
 m - 2 potions of haste {unknown}
 q - a potion of mutation
 v - 2 potions of invisibility
 x - 3 potions of flight
 z - 2 potions of lignification
 A - 2 potions of might {unknown}


   Skills:
 + Level 8.7 Fighting
 + Level 2.5 Armour
 + Level 8.7 Dodging
 + Level 10.4 Unarmed Combat


You had 10 spell levels left.
You didn't know any spells.
Your spell library contained the following spells:

 Spells                   Type           Power      Damage    Failure   Level
 Static Discharge         Conj/Air       0%         2-2/arc   58%         2
 Call Canine Familiar     Summ           0%         N/A       83%         3
 Portal Projectile        Hex/Tloc       0%         N/A       83%         3
 Tukima's Dance           Hex            0%         N/A       83%         3
 Vhi's Electric Charge    Tloc/Air       0%         N/A       83%         3
 Airstrike                Air            0%         2d(0-16)  99%         4
 Leda's Liquefaction      Hex/Erth       0%         N/A       99%         4
 Passage of Golubria      Tloc           0%         N/A       99%         4
 Summon Ice Beast         Ice/Summ       0%         N/A       99%         4
 Summon Lightning Spire   Summ/Air       0%         N/A       99%         4
 Arcjolt                  Conj/Air       0%         1d10      100%        5
 Summon Mana Viper        Hex/Summ       0%         N/A       100%        5
 Yara's Violent Unravell  Hex/Tmut       0%         3d3       100%        5
 Plasma Beam              Fire/Air       0%         2x1d11    100%        6
 Monstrous Menagerie      Summ           0%         N/A       100%        7


Dungeon Overview and Level Annotations

Branches:
Dungeon (10/15)            Temple (1/1) D:5            Lair (0/5) D:10
    Orc (0/2) D:10        Ossuary (visited)

Altars:
Ashenzari
Cheibriados
Dithmenos
Elyvilon
Fedhas
Gozag
Hepliaklqana
Kikubaaqudgha
Makhleb
Nemelex Xobeh
Okawaru
Qazlal
Ru
Sif Muna
Trog
Uskayaw
Vehumet
Wu Jian
Xom
Yredelemnul
Zin
The Shining One

Shops:
D:9 =*((=


Innate Abilities, Weirdness & Mutations

You are too large for most types of armour.
You have claws for hands.
Your natural rate of healing is unusually fast.
You are covered in fur. (AC +1)
You have tough skin. (AC +1)
You are partially covered in iridescent scales. (AC +2)
You are somewhat resistant to further mutation.


Message History

You scratch the troll.
The troll is severely wounded.
The troll bites you! The troll closely misses you.
The troll claws you but does no damage.
You mangle the troll!!
You kill the troll!
You claw the white ugly thing!
The white ugly thing is moderately wounded.
The white ugly thing engulfs you but does no damage.
The two-headed ogre attacks as you move away!
The two-headed ogre completely misses you.
The two-headed ogre misses you.
The white ugly thing attacks as you move away!
The white ugly thing engulfs you but does no damage.
The white ugly thing attacks as you move away!
The white ugly thing engulfs you! The white ugly thing freezes you!!
The white ugly thing attacks as you move away!
The white ugly thing engulfs you! The white ugly thing freezes you!
The white ugly thing barely misses you.
The white ugly thing attacks as you move away!
The white ugly thing misses you.
The white ugly thing attacks as you move away!
The white ugly thing engulfs you. The white ugly thing freezes you!!
* * * LOW HITPOINT WARNING * * *
The white ugly thing attacks as you move away!
The white ugly thing engulfs you but does no damage.
There is an open door here.
The white ugly thing attacks as you move away!
The white ugly thing closely misses you.
Okay, then.
Unknown command.
As you read the scroll of teleportation, it crumbles to dust.
You feel strangely unstable.
The white ugly thing closely misses you.
There is an open door here.
The white ugly thing attacks as you move away!
The white ugly thing engulfs you.
* * * LOW HITPOINT WARNING * * *
The white ugly thing freezes you!!
You die...

..#...#....# #..)######...#..
..#...#....# ##'##........#..
..#...#....# #............#..
###...#....#######............#..
.#....#....#..................#..
......#....#.###'###+###+###..#..
....#####..#.#..#.......#..#..###
.8......#..#.#..#.......#..#.....
........#..#.'..@###+###'..'.....
........#..###.u#.+...'.#..#.....
.............#..#.#...#.#..#..###
.>.....8.÷...O##'.#._.#.'##+.....
.............#..#.#...#.#..#.....
........#....#..#.+...+.#..#.....
........#....+..+###+###'..+.....
.8......#....#..#......†#..#'###'
....#####....#..#.......#..#..#..


You could see a white ugly thing and a two-headed ogre.

Vanquished Creatures
  3 death yaks
  Pikel (D:4)
  An ugly thing (D:10)
  Maggie (D:9)
  A troll (D:10)
  2 shadows (D:10)
  A wraith (D:10)
  3 yaks (D:9)
  2 wyverns
  2 steam dragons
  An acid dragon (D:10)
  2 water moccasins
  A two-headed ogre zombie (D:10)
  2 orc warriors
  2 sky beasts
  3 ice beasts
  2 black bears
  An ogre (D:4)
  A lemure (D:4)
  4 centaurs
  2 phantoms
  3 kobold brigands
  2 bullfrogs
  2 scorpions
  3 troll zombies (D:10)
  15 killer bees
  2 electric eels (D:9)
  3 howler monkeys
  2 jellies (D:6)
  Crazy Yiuf (D:4)
  4 hounds
  3 orc priests
  A sleepcap (D:6)
  4 iguanas
  Natasha (twice) (D:4)
  5 orc wizards
  4 ogre zombies (D:10)
  12 mummies
  8 adders
  4 gnolls
  A river rat (D:10)
  2 ufetubi (D:6)
  4 worms
  2 dart slugs
  22 orcs
  10 bats
  5 endoplasms
  2 giant cockroaches
  6 goblins
  6 hobgoblins
  3 jackals
  14 kobolds
  5 quokkas
  11 ball pythons
  2 frilled lizards
  4 goblin skeletons
  A goblin zombie (D:10)
  2 hobgoblin skeletons (D:10)
  5 hobgoblin zombies (D:10)
  3 kobold skeletons (Ossuary)
  A kobold zombie (D:4)
  6 orc skeletons
  13 orc zombies
  8 rats
  11 rat skeletons (Ossuary)
267 creatures vanquished.

Notes
Turn   | Place    | Note
-------+----------+-------------------------------------------
     0 | D:1      | Jerry the Troll Monk began the quest for the Orb.
     0 | D:1      | Reached XP level 1. HP: 22/22 MP: 0/0
    44 | D:1      | Reached XP level 2. HP: 26/29 MP: 1/1
   152 | D:1      | Reached XP level 3. HP: 34/36 MP: 2/2
   637 | D:2      | Reached XP level 4. HP: 44/45 MP: 3/3
   878 | D:2      | Reached skill level 4 in Unarmed Combat
  1017 | D:3      | Found a blossoming altar of Fedhas.
  1296 | D:3      | Found a broken altar of Ashenzari.
  1495 | D:3      | Reached XP level 5. HP: 50/53 MP: 4/4
  1686 | D:4      | Noticed an ogre
  1694 | D:4      | Killed an ogre
  1757 | D:4      | Found a sand-covered staircase.
  1763 | Ossuary  | Entered an ossuary
  1831 | Ossuary  | Reached XP level 6. HP: 42/62 MP: 5/5
  2206 | D:4      | Noticed Natasha
  2210 | D:4      | Killed Natasha
  2211 | D:4      | Reached skill level 5 in Unarmed Combat
  2275 | D:4      | You fall into a shaft and drop 3 floors!
  2283 | D:7      | Noticed a sky beast
  2320 | D:5      | Entered Level 5 of the Dungeon
  2327 | D:5      | Reached XP level 7. HP: 68/71 MP: 6/6
  2773 | D:4      | Noticed Pikel
  2791 | D:4      | Killed Pikel
  2792 | D:4      | Reached skill level 5 in Fighting
  2792 | D:4      | Reached skill level 5 in Dodging
  2792 | D:4      | Reached skill level 6 in Unarmed Combat
  2792 | D:4      | Reached XP level 8. HP: 37/81 MP: 7/7
  3160 | D:4      | Found a runed translucent door.
  3161 | D:4      | Noticed Crazy Yiuf
  3200 | D:4      | Noticed Natasha
  3207 | D:4      | Killed Natasha
  3379 | D:4      | Killed Crazy Yiuf
  3402 | D:4      | Gained mutation: You are somewhat resistant to further
                  | mutation. [potion of mutation]
  3402 | D:4      | Gained mutation: You are partially covered in iridescent
                  | scales. (AC +2) [potion of mutation]
  3699 | D:5      | Reached skill level 7 in Unarmed Combat
  3703 | D:5      | Found a staircase to the Ecumenical Temple.
  3743 | Temple   | Entered the Ecumenical Temple
  3974 | D:6      | Reached XP level 9. HP: 89/89 MP: 8/8
  4146 | D:5      | Found an ancient bone altar of Kikubaaqudgha.
  5086 | D:7      | Reached skill level 8 in Unarmed Combat
  7037 | D:9      | Found Cyofall's Antique Weapon Emporium.
  7055 | D:9      | Reached XP level 10. HP: 100/102 MP: 9/9
  7096 | D:9      | Found a glowing golden altar of the Shining One.
  7125 | D:9      | Noticed Maggie
  7134 | D:9      | Reached skill level 9 in Unarmed Combat
  7143 | D:9      | Killed Maggie
  7264 | D:9      | Found Nafy's Weapon Boutique.
  7428 | D:9      | Found Uroushaq's General Store.
  7501 | D:9      | Found Ysa Xiwn's Jewellery Boutique.
  7509 | D:9      | Bought an amulet of regeneration for 390 gold pieces
  7700 | D:9      | Found Ufatibezu's Jewellery Shop.
  7895 | D:10     | Entered Level 10 of the Dungeon
  7895 | D:10     | Noticed a death yak
  7896 | D:10     | Noticed a death yak
  7901 | D:10     | Noticed a death yak
  7911 | D:9      | Killed a death yak
  8032 | D:10     | Found a burning altar of Makhleb.
  8039 | D:10     | Noticed a purple ugly thing
  8049 | D:10     | Killed a purple ugly thing
  8201 | D:10     | Reached skill level 1 in Armour
  8295 | D:10     | Found a staircase to the Lair.
  8365 | D:10     | Killed a death yak
  8366 | D:10     | Reached skill level 10 in Unarmed Combat
  8439 | D:10     | Found a staircase to the Orcish Mines.
  8502 | D:10     | Killed a death yak
  8503 | D:10     | Reached XP level 11. HP: 75/113 MP: 10/10
  8674 | D:10     | Noticed a two-headed ogre
  8674 | D:10     | Noticed a white ugly thing
  8703 | D:10     | Slain by a white ugly thing

Illustrated notes

Levels and vault maps discovered:
D:1:      ncdulo_smallfort, layout_rooms, nicolae_kite_square_tiling_tiny
D:2:      layout_basic, kennysheep_generic_room_7
D:3:      layout_loops_ring, mainiacjoe_overflow_cross_hatched,
          mainiacjoe_overflow_alcove_2, kennysheep_path_1
D:4:      layout_basic, nicolae_ossuary_entry_giza, uniq_crazy_yiuf_cottage,
          uniq_natasha, uniq_pikel
D:5:      layout_basic, mainiacjoe_overflow_alcove_1,
          minmay_temple_entry_proselytizer, kennysheep_small_spiral
D:6:      layout_loops_cross, item_on_display_a
D:7:      layout_basic
D:8:      layout_layer_cave
D:9:      layout_basic, nicolae_tso_carved_into_rock, serial_shops,
          nicolae_diamond_shop, nicolae_shop_behind_doors, shop, shop_statue,
          nicolae_shop_back_alley_shop, minmay_gold_behind_fungi, uniq_maggie
D:10:     layout_grid_maze, mainiacjoe_overflow_24_doors, dpeg_lair_monsters,
          zombieorc2_lemuel, minmay_between
Temple:   sentei_temple_godly_chess

Skill      XL: |  1  2  3  4  5  6  7  8  9 10 |
---------------+-------------------------------+-----
Dodging        | 3 4 5 6 7 8 |  8.7
Fighting       | 3 4 5 6 7 8 |  8.7
Unarmed Combat | 4 5 6 7 8 10 | 10.4
Armour         | 2 |  2.5

Action                     |  1- 3 |  4- 6 |  7- 9 | 10-12 || total
---------------------------+-------+-------+-------+-------++-------
  Melee: Unarmed           |    74 |   123 |   236 |   220 ||   653
  Throw: Throwing net      |       |       |       |     1 ||     1
    Use: Scroll            |       |       |    12 |     7 ||    19
         Potion            |       |       |     1 |     1 ||     2
   Stab: Held in net/web   |       |       |       |     2 ||     2
 Armour: Robe              |    33 |    26 |    67 |     7 ||   133
         Steam dragon scal |       |       |       |    86 ||    86
  Dodge: Dodged            |    56 |    57 |   144 |   143 ||   400
         Repelled          |     1 |       |       |       ||     1
